 Dungeon Crawl Stone Soup version 0.22-a0-284-g99d1f74 (webtiles) character file.

714 Amnesiac the Charlatan (level 7, -1/36 HPs)
             Began as a Spriggan Fighter on Mar 21, 2018.
             Slain by a bullfrog (4 damage)
             ... on level 6 of the Dungeon.
             The game lasted 00:06:14 (4014 turns).

Amnesiac the Charlatan (Spriggan Fighter)           Turns: 4014, Time: 00:06:15

Health: -1/36      AC:  2    Str: 14    XL:     7   Next: 41%
Magic:  13/13      EV: 20    Int: 10    God:
Gold:   388        SH:  7    Dex: 15    Spells: 6/6 levels left

rFire    . . .     SeeInvis +   a - +0 long sword
rCold    . . .     Gourm    .   c - +1 buckler
rNeg     . . .     Faith    .   b - +0 robe
rPois    .         Spirit   .   (helmet restricted)
rElec    .         Reflect  .   (no cloak)
rCorr    .         Harm     .   (gloves unavailable)
MR       +....                  (boots unavailable)
Stlth    +.........             p - amulet of inaccuracy (curse)
HPRegen  0.12/turn              (no ring)
MPRegen  0.13/turn              (no ring)

@: very quick
A: very small, unfitting armour, see invisible, herbivore, speed 3, mutation
resistance 1, slow metabolism 2
a: no special abilities


You were on level 6 of the Dungeon.
You were not hungry.

You visited 1 branch of the dungeon, and saw 6 of its levels.
You also visited: Ossuary.

You collected 388 gold pieces.

Inventory:

Hand Weapons
 a - a +0 long sword (weapon)
 h - a +0 short sword of venom
Missiles
 q - 15 poisoned needles
Armour
 b - a +0 robe (worn)
 c - a +1 buckler (worn)
Jewellery
 p - a cursed amulet of inaccuracy (around neck)
Wands
 n - a wand of flame (11)
 o - a wand of paralysis (13)
 r - a wand of digging (6)
Scrolls
 e - 2 scrolls of teleportation {!r}
 g - a scroll of identify {!r}
 i - 2 scrolls of enchant armour {!r}
 m - 3 scrolls of remove curse {!r, unknown}
 t - a scroll of magic mapping {!r, unknown}
Potions
 d - a potion of might {!q}
 j - a potion of curing {!q}
 k - a potion of cancellation {!q}
 l - a potion of magic {!q}
 s - 3 potions of brilliance {!q, unknown}
Comestibles
 f - 6 rations


   Skills:
 - Level 3.3 Fighting
 - Level 3.5 Long Blades
 - Level 5.9 Dodging
 - Level 3.0 Shields
 + Level 6.9 Evocations


You had 6 spell levels left.
You didn't know any spells.

Dungeon Overview and Level Annotations

Branches:
Dungeon (6/15)
 Temple: D:4-7

Altars:
Cheibriados
Dithmenos
Hepliaklqana
Vehumet


Innate Abilities, Weirdness & Mutations

You are very small and have problems with some larger weapons.
You are too small for most types of armour.
You have supernaturally acute eyesight. (SInv)
You are a herbivore.
You cover ground extremely quickly.
You need to consume almost no food.
You are somewhat resistant to further mutation.


Message History

You block the bullfrog's attack. The bullfrog misses you.
You riposte.
You hit the bullfrog.
The bullfrog is lightly wounded.
You miss the bullfrog.
The bullfrog is lightly wounded.
You block the bullfrog's attack. The bullfrog hits you.
You miss the bullfrog.
The bullfrog is lightly wounded.
You block the bullfrog's attack.
You slash the bullfrog!
The bullfrog is heavily wounded.
You block the bullfrog's attack. The bullfrog misses you.
The bullfrog barely misses you.
You riposte.
You barely miss the bullfrog.
The bullfrog is heavily wounded.
You closely miss the bullfrog.
The bullfrog is heavily wounded.
The bullfrog hits you.
You barely miss the bullfrog.
The bullfrog is heavily wounded.
The bullfrog barely misses you.
You riposte.
You barely miss the bullfrog.
The bullfrog is heavily wounded.
The bullfrog barely misses you.
You hit the bullfrog.
The bullfrog is severely wounded.
The bullfrog releases a deep croak.
The bullfrog barely misses you. You block the bullfrog's attack.
You miss the bullfrog.
The bullfrog is severely wounded.
The bullfrog hits you. x2
* * * LOW HITPOINT WARNING * * *
You hit the bullfrog.
The bullfrog is severely wounded.
The bullfrog hits you.
* * * LOW HITPOINT WARNING * * *
The bullfrog barely misses you.
You barely miss the bullfrog.
The bullfrog is severely wounded.
The bullfrog misses you.
You riposte.
You closely miss the bullfrog.
The bullfrog is severely wounded.
You miss the bullfrog.
The bullfrog is severely wounded.
The bullfrog hits you.
* * * LOW HITPOINT WARNING * * *
The bullfrog barely misses you.
You are too injured to fight recklessly!
You are too injured to fight recklessly!
You are too injured to fight recklessly!
You are too injured to fight recklessly!
You barely miss the bullfrog.
The bullfrog is severely wounded.
You block the bullfrog's attack. The bullfrog barely misses you.
You riposte.
You hit the bullfrog.
The bullfrog is almost dead.
You closely miss the bullfrog.
The bullfrog is almost dead.
You block the bullfrog's attack. The bullfrog completely misses you.
You riposte.
You hit the bullfrog.
The bullfrog is almost dead.
You closely miss the bullfrog.
The bullfrog is almost dead.
The bullfrog hits you.
* * * LOW HITPOINT WARNING * * *
The bullfrog hits you.
You die...

#.....#
#.....####
#.........
#.........
+.=.......
#.........
#+###.........
##...#.@.......#
#....'..F......#
+....#.........+
#....#.........#
#######.........#
#...............#
#...............#
#....^..........#
#...............#


You could see a bullfrog.

Vanquished Creatures
  A sky beast (D:6)
  A bullfrog (D:5)
  2 howler monkeys
  A centaur zombie (D:5)
  An orc priest (D:5)
  2 hounds
  2 iguanas
  3 orc wizards (D:5)
  A worker ant (D:5)
  2 hound zombies (D:5)
  8 mummies (Ossuary)
  3 gnolls (D:4)
  A shadow imp (D:5)
  2 adder skeletons (D:4)
  2 leopard geckos (D:4)
  6 orcs
  A giant cockroach (D:5)
  A gnoll zombie (Ossuary)
  4 hobgoblins
  8 jackals
  A quokka (D:5)
  2 bats (D:1)
  3 frilled lizards
  2 hobgoblin zombies (Ossuary)
  2 kobold zombies (Ossuary)
  3 orc zombies (Ossuary)
  A rat (D:2)
66 creatures vanquished.

Notes
Turn   | Place    | Note
-------+----------+-------------------------------------------
     0 | D:1      | Amnesiac the Spriggan Fighter began the quest for the Orb.
     0 | D:1      | Reached XP level 1. HP: 11/11 MP: 2/2
   250 | D:2      | Reached XP level 2. HP: 6/16 MP: 3/3
   622 | D:4      | Found a sand-covered staircase.
   631 | Ossuary  | Entered an ossuary
   830 | Ossuary  | Reached XP level 3. HP: 10/19 MP: 4/4
  1015 | Ossuary  | Gained mutation: Your magical capacity is low. (-10% MP) [potion of mutation]
  1015 | Ossuary  | Lost mutation: Your magical capacity is low. (-10% MP) [potion of mutation]
  1015 | Ossuary  | Gained mutation: You are somewhat resistant to further mutation. [potion of mutation]
  1022 | Ossuary  | Reached skill level 5 in Dodging
  1035 | Ossuary  | Reached XP level 4. HP: 12/23 MP: 5/5
  1359 | D:4      | Reached XP level 5. HP: 24/28 MP: 6/6
  1720 | D:4      | Found a hazy altar of Hepliaklqana.
  1757 | D:4      | Found a shadowy altar of Dithmenos.
  2190 | D:5      | Entered Level 5 of the Dungeon
  2261 | D:5      | Found a radiant altar of Vehumet.
  2353 | D:5      | Reached XP level 6. HP: 28/32 MP: 7/7
  2391 | D:5      | Reached skill level 1 in Evocations
  2630 | D:5      | Reached skill level 3 in Evocations
  2856 | D:5      | Reached skill level 4 in Evocations
  3125 | D:5      | Reached skill level 5 in Evocations
  3145 | D:5      | Reached XP level 7. HP: 25/36 MP: 11/11
  3769 | D:6      | Reached skill level 6 in Evocations
  3776 | D:6      | Found a snail-covered altar of Cheibriados.
  4014 | D:6      | Slain by a bullfrog

Vault maps used:
D:1:      sevenhm_arrival_forest_fort_small_3, grunt_decor_one_mirror
D:2:      minmay_door_square
D:3:      nicolae_overflow_crystal_walls, serial_glass, glass_columns_a,
          glass_columns_a, glass_columns_a, first_ration,
          minmay_misc_feat_square, hex_tiny
D:4:      kennysheep_little_box, enter_ossuary_1, st_stairs_9,
          grunt_dithmenos_smoke
D:5:      vehumet_altar_wand_db
D:6:      eat_drink_and_be_merry_uskayaw, overflow_temple_1_default,
          minmay_statues_item
Ossuary:  ossuary_tomb_3

Skill      XL: |  1  2  3  4  5  6  7 |
---------------+----------------------+-----
Long Blades    | 2 3 |  3.5
Dodging        | 5 |  5.9
Fighting       | 3 |  3.3
Shields        | 3 |  3.0
Evocations     | 5 6 |  6.9

Action                   |  1- 3 |  4- 6 |  7- 9 || total
-------------------------+-------+-------+-------++-------
Melee: Long sword        |    70 |   160 |    59 ||   289
Evoke: Wand              |       |    16 |     3 ||    19
  Use: Potion            |     9 |       |       ||     9
       Scroll            |     1 |     6 |       ||     7
 Stab: Sleeping          |     2 |     1 |       ||     3
       Paralysed         |       |    20 |       ||    20
  Eat: Ration            |       |     1 |       ||     1
Armor: Robe              |     6 |     7 |       ||    13
       Skin              |     1 |       |       ||     1
Dodge: Dodged            |    54 |   107 |    51 ||   212
Block: Buckler           |    13 |    46 |    22 ||    81
       Rpst.: Long sword |    19 |    37 |    17 ||    73

Table legend:
 A = Spawn XP
 B = Non-spawn XP
 C = Spawn XP percentage of total XP
 D = Spawn monster count
 E = Non-spawn monster count
 F = Spawn count percentage of total count
 G = Total turns spent on level
                    A         B        C        D         E        F      G
               +---------+---------+-------+---------+---------+-------+---------
         Total |       0 |    1021 |   0.0 |       0 |      66 |   0.0 |  4014
               +---------+---------+-------+---------+---------+-------+---------
           D:1 |       0 |       9 |   0.0 |       0 |       5 |   0.0 |   242
           D:2 |       0 |      11 |   0.0 |       0 |       7 |   0.0 |   258
           D:3 |       0 |       1 |   0.0 |       0 |       1 |   0.0 |    37
           D:4 |       0 |     196 |   0.0 |       0 |      12 |   0.0 |  1043
           D:5 |       0 |     472 |   0.0 |       0 |      23 |   0.0 |  1574
           D:6 |       0 |     181 |   0.0 |       0 |       2 |   0.0 |   250
       Ossuary |       0 |     151 |   0.0 |       0 |      16 |   0.0 |   610
               +---------+---------+-------+---------+---------+-------+---------
